 Dungeon Crawl Stone Soup version 0.23.0-2-g0fe3ce5 (webtiles) character file.

Game seed: 14490732872551221980

164 MalarOregon the Magician (level 5, -1/35 HPs)
             Began as a Merfolk Ice Elementalist on Feb 19, 2019.
             Slain by an ogre
             ... wielding a +0 giant spiked club
              (26 damage)
             ... on level 4 of the Dungeon.
             The game lasted 00:06:29 (3658 turns).

MalarOregon the Magician (Merfolk Ice Elementalist) Turns: 3658, Time: 00:06:30

Health: -1/35      AC:  4    Str:  8    XL:     5   Next: 45%
Magic:  7/11       EV: 13    Int: 16    God:
Gold:   145        SH:  0    Dex: 14    Spells: 3/12 levels left

rFire    . . .     SeeInvis .   m - +0 whip
rCold    . . .     Gourm    .   (no shield)
rNeg     . . .     Faith    .   a - +0 robe
rPois    .         Spirit   .   h - +0 helmet
rElec    .         Reflect  .   (no cloak)
rCorr    .         Harm     .   (no gloves)
MR       .....                  v - +0 pair of boots
Stlth    ++........             (no amulet)
HPRegen  0.11/turn              (no ring)
MPRegen  0.12/turn              (no ring)

@: no status effects
A: change form in water, swift swim, stealthy swim
a: no special abilities


You were on level 4 of the Dungeon.
You were not hungry.

You visited 1 branch of the dungeon, and saw 4 of its levels.

You collected 145 gold pieces.

Inventory:

Hand Weapons
 m - a +0 whip (weapon)
   (You took it off a kobold on level 2 of the Dungeon)
Armour
 a - a +0 robe (worn)
 f - a +0 leather armour
   (You found it on level 1 of the Dungeon)
 h - a +0 helmet (worn)
   (You found it on level 1 of the Dungeon)
 v - a +0 pair of boots (worn)
   (You found it on level 4 of the Dungeon)
Jewellery
 j - a +3 ring of intelligence {unknown}
   (You found it on level 1 of the Dungeon)
 o - an uncursed ring of positive energy {unknown}
   (You found it on level 2 of the Dungeon)
 r - a cursed ring of teleportation {unknown}
   (You found it on level 2 of the Dungeon)
 s - an uncursed ring of flight {unknown}
   (You found it on level 2 of the Dungeon)
 x - an uncursed ring of ice {unknown}
   (You found it on level 4 of the Dungeon)
Wands
 t - a wand of polymorph (7)
   (You found it on level 3 of the Dungeon)
Scrolls
 b - 2 scrolls of fear {unknown}
 c - 3 scrolls of identify {unknown}
 i - a scroll of noise {unknown}
 l - a scroll of remove curse {unknown}
 n - a scroll of random uselessness {unknown}
 u - a scroll of enchant armour {unknown}
 w - a scroll of magic mapping {unknown}
Potions
 d - 3 potions of curing {unknown}
 g - 2 potions of ambrosia {unknown}
 p - a potion of degeneration {unknown}
 q - a potion of lignification {unknown}
Comestibles
 e - 6 rations {!d}
 k - 4 chunks of flesh


   Skills:
 - Level 2.6 Dodging
 - Level 2.1 Stealth
 - Level 4.2 Spellcasting
 - Level 0.7 Conjurations
 + Level 1.8 Summonings
 + Level 4.0 Ice Magic


You had 3 spell levels left.
You knew the following spells:

 Your Spells              Type           Power        Failure   Level  Hunger
a - Freeze                Ice            ###.         3%          1    None
c - Throw Icicle          Conj/Ice       ##......     52%         4    ####...
d - Summon Ice Beast      Ice/Summ       ##......     43%         4    ####...

Your spell library contained the following spells:

 Spells                   Type           Power        Failure   Level  Hunger
 Throw Frost              Conj/Ice       ##....       10%         2    ##.....
 Ozocubu's Armour         Chrm/Ice       #.......     22%         3    ###....


Dungeon Overview and Level Annotations

Branches:
Dungeon (4/15)
 Temple: D:4-7

Altars:


Message History

Aim: a jackal You freeze the jackal.
The jackal closely misses you.
Aim: a jackal (almost dead)
You freeze the jackal.
You kill the jackal!
The jackal bites you.
Aim: a jackal You freeze the jackal.
The jackal bites you but does no damage.
Aim: a jackal (almost dead)
You freeze the jackal.
You kill the jackal!
Things that are here:
a jackal corpse x2
You butcher the jackal corpse.
k - 3 chunks of flesh (gained 2)
Things that are here:
a jackal skeleton; a jackal corpse You butcher the jackal corpse.
k - 4 chunks of flesh (gained 1)
Things that are here:
a jackal skeleton x2
There isn't anything to butcher here.
You start resting.
Found a small bone ring.
You now have 145 gold pieces (gained 19).
x - a small bone ring
Found a stone staircase leading up.
Found a runed shield.
Found 17 stones.
Found a scroll labeled IXATOCK HACURCH.
An ogre comes into view. It is wielding a +0 giant spiked club.
The ogre shouts!
You see here 17 stones.
You see here a runed shield.
Aim: an ogre, wielding a +0 giant spiked club
Okay, then.
The ogre closely misses you.
Aim: an ogre, wielding a +0 giant spiked club You freeze the ogre!
Aim: an ogre, wielding a +0 giant spiked club (moderately wounded)
You freeze the ogre.
The ogre hits you with a +0 giant spiked club!
Aim: an ogre, wielding a +0 giant spiked club (moderately wounded)
You freeze the ogre! The ogre barely misses you.
Aim: an ogre, wielding a +0 giant spiked club (severely wounded)
You freeze the ogre.
The ogre hits you with a +0 giant spiked club!!
Ouch! That really hurt!
You die...

#..# #..# .#
#..# #.####
#..# ......
#..# ...#.#
#..###..#.#
#......#.#
#...(...#
##..@..#.#
#..[O.?#
#.......#
#..........
...##.......
.#.. #######
# #.. #.. #.


You could see an ogre.

Vanquished Creatures
  An iguana (D:2)
  8 adders
  2 worms
  A dart slug (D:1)
  A leopard gecko (D:2)
  An orc (D:3)
  2 giant cockroaches
  9 goblins
  3 hobgoblins
  8 jackals
  A quokka (D:3)
  4 bats (D:1)
  4 frilled lizards
  6 kobolds
  10 rats
61 creatures vanquished.

Notes
Turn   | Place    | Note
-------+----------+-------------------------------------------
     0 | D:1      | MalarOregon the Merfolk Ice Elementalist began the quest
                  | for the Orb.
     0 | D:1      | Reached XP level 1. HP: 13/13 MP: 3/3
   462 | D:1      | Reached XP level 2. HP: 19/19 MP: 3/5
  1261 | D:2      | Reached XP level 3. HP: 21/24 MP: 3/7
  2001 | D:2      | Reached XP level 4. HP: 30/30 MP: 1/10
  2076 | D:2      | Learned a level 4 spell: Summon Ice Beast
  2081 | D:2      | Learned a level 4 spell: Throw Icicle
  2501 | D:3      | Reached skill level 1 in Summonings
  2591 | D:3      | Reached XP level 5. HP: 30/35 MP: 4/11
  3651 | D:4      | Noticed an ogre
  3658 | D:4      | Slain by an ogre

Skill      XL: |  1  2  3  4  5 |
---------------+----------------+-----
Spellcasting   | 3 4 |  4.2
Summonings     | 1 |  1.8
Ice Magic      | 4 |  4.0
Dodging        | |  2.6
Stealth        | |  2.1
Conjurations   | |  0.7

Action                   |  1- 3 |  4- 6 || total
-------------------------+-------+-------++-------
Melee: Unarmed           |     2 |       ||     2
       Whip              |     1 |     1 ||     2
 Cast: Freeze            |    64 |    66 ||   130
  Eat: Chunk             |     3 |     5 ||     8
Armor: Robe              |     6 |     7 ||    13
Dodge: Dodged            |    33 |    32 ||    65
